Map: Temple gelé

Players

Worming - Winner!

  • Race: Zerg Zerg
  • League: Diamond

Thrust

  • Race: Protoss Protoss
  • League: Diamond

VOD

Have the link to the VOD?

Description

Time

  • Played on: June 30, 2016, 6:39 a.m.
  • Length: 13:51
Show
View Real Time Build Order
Export as new Build Order

Worming Zerg - Winner!

Build Orders: Pool First 

Get SALT Encoding   

  12  0:01  Drone  
  13  0:12  Overlord  
  13  0:22  Drone  
  14  0:31  Drone x2  
  17  0:35  Drone  
  17  0:58  Spawning Pool  
  17  0:59  Drone  
  17  1:12  Drone, Overlord, Extractor  
  17  1:41  Hatchery  
  17  1:44  Queen  
  17  1:45  Zergling x6  
  21  1:58  Drone  
  22  2:11  Drone  
  23  2:27  Metabolic Boost  
  23  2:28  Hatchery  
  22  2:33  Drone x2  
  24  2:58  Drone x6  
  24  3:00  Queen  
  30  3:10  Queen  
  32  3:22  Overlord  
  32  3:23  Overlord  
  32  3:31  Drone x3  
  35  3:35  Zergling x2  
  35  3:40  Zergling x8  
  40  3:50  Overlord  
  40  3:52  Overlord  
  40  3:56  Zergling x4  
  40  4:02  Drone x4  
  45  4:22  Drone x6  
  51  4:32  Roach Warren  
  51  4:33  Extractor  
  51  4:34  Drone x6  
  55  4:48  Drone x3  
  58  4:53  Overlord  
  58  4:59  Drone x4  
  62  5:00  Drone x3  
  62  5:01  Zergling x4  
  62  5:02  Zergling x4  
  69  5:16  Spore Crawler x2  
  69  5:17  Spore Crawler, Lair  
  66  5:30  Drone x5  
  66  5:32  Evolution Chamber  
  66  5:33  Extractor  
  66  5:34  Extractor  
  68  5:36  Spore Crawler x3  
  68  5:37  Spore Crawler  
  68  5:40  Spore Crawler  
  68  5:41  Spore Crawler  
  53  5:49  Spore Crawler  
  53  6:06  Drone x7  
  59  6:14  Drone x12  
  71  6:23  Zerg Missile Weapons Level 1  
  71  6:24  Glial Reconstitution  
  71  6:34  Pneumatized Carapace  
  71  6:36  Overseer  
  68  6:52  Roach  
  68  6:53  Zergling x2, Roach  
  73  6:55  Overlord x3  
  71  7:06  Queen  
  73  7:14  Roach x6  
  73  7:15  Roach x7  
  91  7:28  Roach x4  
  93  7:45  Drone x4  
  93  7:47  Overlord x4  
  97  8:00  Overseer  
  97  8:01  Overlord  
  97  8:04  Overlord x3  
  97  8:13  Drone x6  
  97  8:14  Drone  
  104  8:25  Overseer  
  104  8:44  Spire  
  103  8:51  Extractor  
  103  8:53  Hatchery  
  101  9:01  Zergling x14, Roach x7  
  121  9:07  Zerg Missile Weapons Level 2  
  112  9:38  Drone x3  
  115  9:39  Drone  
  115  9:45  Spire  
  114  9:50  Drone x3  
  114  9:51  Drone, Extractor  
  114  9:52  Drone x2, Overlord x2  
  119  9:58  Mutalisk x5  
  129  10:00  Overseer  
  129  10:04  Mutalisk  
  129  10:05  Mutalisk x2  
  135  10:07  Hatchery  
  134  10:14  Zerg Flyer Weapons Level 1  
  134  10:17  Hatchery  
  134  10:18  Infestation Pit  
  129  10:34  Zergling x22  
  136  10:39  Drone  
  137  10:45  Queen x2  
  110  11:19  Roach x3  
  110  11:20  Zergling x20, Roach x2  
  104  11:35  Roach x2  
  104  11:36  Roach x3  
  104  11:37  Roach x3  
  106  11:41  Overseer  
  106  11:44  Hydralisk Den  
  101  11:48  Drone x3  
  101  11:50  Roach  
  101  11:51  Roach x5  
  111  11:58  Hive  
  111  12:03  Drone x2  
  113  12:13  Muscular Augments, Hydralisk  
  113  12:14  Hydralisk x6  
  126  12:32  Hydralisk x3  
  126  12:33  Roach x5  
  126  12:34  Roach  
  144  12:40  Drone x5  
  149  12:50  Overseer x2  
  117  13:09  Roach x9, Hydralisk x3  
  123  13:19  Roach  
  129  13:20  Roach x3  
  129  13:29  Extractor  
  128  13:34  Drone x2  
  128  13:35  Drone  
Show
View Real Time Build Order
Export as new Build Order

Thrust Protoss 

Build Orders: 1 Gate Expand, Dark Templar Rush 

Get SALT Encoding   

  12  0:01  Probe (Chrono Boost)  
  13  0:12  Probe (Chrono Boost)  
  14  0:18  Pylon  
  14  0:25  Probe (Chrono Boost)  
  15  0:37  Probe (Chrono Boost)  
  15  0:41  Gateway  
  16  0:46  Assimilator  
  16  0:48  Probe (Chrono Boost)  
  17  0:58  Probe (Chrono Boost)  
  18  1:07  Pylon  
  18  1:09  Probe (Chrono Boost)  
  19  1:19  Probe (Chrono Boost)  
  20  1:27  Pylon  
  20  1:35  Nexus  
  20  1:45  Cybernetics Core  
  20  1:48  Assimilator  
  20  1:52  Probe (Chrono Boost)  
  21  1:59  Pylon  
  21  2:03  Probe (Chrono Boost)  
  22  2:17  Probe (Chrono Boost)  
  22  2:22  Adept (Chrono Boost)  
  25  2:33  Pylon  
  25  2:36  Probe  
  26  2:40  Warp Gate (Chrono Boost)  
  26  2:56  Pylon  
  26  3:02  Mothership Core  
  26  3:03  Twilight Council  
  28  3:09  Probe  
  29  3:16  Adept (Chrono Boost)  
  31  3:29  Probe  
  31  3:31  Gateway  
  32  3:41  Dark Shrine  
  32  3:45  Probe  
  32  3:46  Probe  
  34  3:53  Assimilator  
  34  3:58  Probe (Chrono Boost)  
  34  3:59  Probe (Chrono Boost)  
  36  4:07  Gateway  
  37  4:10  Probe (Chrono Boost)  
  37  4:13  Pylon  
  37  4:19  Sentry (Chrono Boost)  
  37  4:21  Probe (Chrono Boost)  
  37  4:23  Probe (Chrono Boost)  
  41  4:32  Probe  
  41  4:34  Probe  
  43  4:44  Probe (Chrono Boost)  
  44  4:46  Probe (Chrono Boost)  
  45  4:55  Probe (Chrono Boost)  
  45  4:57  Probe (Chrono Boost)  
  47  5:04  Dark Templar x3  
  47  5:06  Probe (Chrono Boost)  
  54  5:07  Probe (Chrono Boost)  
  54  5:13  Blink (Chrono Boost)  
  55  5:18  Probe  
  55  5:40  Nexus  
  55  5:42  Pylon  
  55  5:58  Probe  
  55  6:00  Probe  
  53  6:16  Adept x3  
  53  6:17  Pylon  
  57  6:20  Robotics Facility  
  57  6:23  Assimilator  
  57  6:29  Pylon  
  57  6:34  Stargate  
  57  6:37  Adept x3  
  63  6:40  Pylon  
  63  6:53  Probe  
  64  6:54  Probe  
  64  6:58  Pylon  
  64  7:00  Pylon  
  64  7:01  Dark Templar, Probe  
  64  7:04  Probe  
  64  7:05  Probe  
  64  7:07  Warp Prism  
  71  7:11  Probe  
  71  7:15  Probe  
  72  7:17  Probe  
  72  7:20  Void Ray  
  72  7:22  Probe  
  77  7:33  Stalker x2  
  77  7:39  Probe, Pylon  
  77  7:41  Pylon  
  77  7:43  Gateway x2, Pylon  
  70  7:46  Gateway  
  70  7:48  Sentry  
  70  7:49  Gateway  
  72  7:52  Gateway  
  72  7:57  Probe  
  73  7:59  Sentry x2  
  77  8:10  Probe x2  
  77  8:11  Probe  
  80  8:18  Stalker  
  82  8:21  Immortal  
  86  8:27  Pylon  
  86  8:29  Adept x2  
  89  8:40  Assimilator  
  89  8:42  Assimilator  
  89  8:44  Adept  
  91  8:51  Robotics Bay  
  91  8:53  Probe  
  91  8:55  Pylon  
  92  9:04  Adept x5  
  92  9:07  Stalker  
  92  9:08  Stalker  
  106  9:18  Phoenix  
  106  9:24  Dark Templar  
  106  9:25  Dark Templar x2  
  106  9:28  Probe  
  105  9:33  Pylon  
  105  9:38  Pylon  
  99  9:40  Pylon  
  99  9:43  Phoenix  
  101  9:48  Disruptor  
  101  9:50  Stalker x3  
  101  9:52  Adept  
  112  9:58  Forge  
  112  10:05  Zealot  
  114  10:08  Phoenix  
  114  10:11  Stalker x3  
  122  10:24  Disruptor  
  122  10:32  Protoss Ground Weapons Level 1  
  122  10:33  Cybernetics Core, Phoenix  
  124  10:51  Photon Cannon  
  124  10:53  Photon Cannon  
  115  11:16  Stalker x4  
  115  11:17  Stalker x2  
  107  11:27  Mothership Core  
  97  11:33  Stalker x2  
  92  11:41  Disruptor  
  92  11:46  Stalker x6  
  107  12:24  Dark Templar x5  
  107  12:25  Stalker  
  119  12:30  Archon  
  119  12:31  Archon x3  
  119  12:33  Stalker x2  
  109  12:52  Stalker  
  91  12:58  Stalker x2  
  91  12:59  Stalker x4  
  67  13:26  Stalker  
  67  13:27  Stalker x5  
  73  13:43  Stalker  
  73  13:44  Stalker  
Tags
 
Add a new tag
Caveats
  • Supply blocks, unpowered buildings, or Contaminate may cause inaccurate times.
  • Supply counts are checked every 10 seconds.